 Dungeon Crawl Stone Soup version 0.24.1-14-gf8d2b509d9 (webtiles) character file.

Game seed: 1218974739939488872, levelgen mode: deterministic

347 billz999 the Skirmisher (level 6, -11/48 HPs)
             Began as a Demonspawn Fighter on Mar 12, 2021.
             Mangled by an ogre
             ... wielding a +0 giant club
              (20 damage)
             ... on level 4 of the Dungeon.
             The game lasted 00:07:00 (3794 turns).

billz999 the Skirmisher (Demonspawn Fighter)        Turns: 3794, Time: 00:07:01

Health: -11/48     AC:  9    Str: 18    XL:     6   Next: 33%
Magic:  6/6        EV:  5    Int:  9    God:
Gold:   87         SH:  9    Dex: 13    Spells: 5/5 levels left

rFire    . . .     SeeInvis .     - Unarmed
rCold    . . .     Gourm    .   c - +0 shield
rNeg     . . .     Faith    .   n - +0 chain mail
rPois    .         Spirit   .   (helmet restricted)
rElec    .         Reflect  .   (no cloak)
rCorr    .         Harm     .   (no gloves)
MR       .....                  (no boots)
Stlth    ..........             (no amulet)
HPRegen  0.16/turn              (no ring)
MPRegen  0.10/turn              (no ring)

@: no status effects
A: claws 1, horns 1, rot immunity
a: no special abilities


You were on level 4 of the Dungeon.
You were not hungry.

You visited 1 branch of the dungeon, and saw 4 of its levels.

You collected 87 gold pieces.

Inventory:

Hand Weapons
 a - a +0 war axe
 l - a +3 quarterstaff of chaos
Missiles
 g - 20 poisoned darts (quivered)
 s - 7 curare-tipped darts
Armour
 b - a +0 scale mail
 c - a +0 shield (worn)
 d - a +0 cloak
 e - a scarf of spirit shield
 n - a +0 chain mail (worn)
 o - a +0 helmet
Wands
 p - a wand of random effects (19)
Scrolls
 h - a scroll of random uselessness {unknown}
 k - 5 scrolls of identify {unknown}
 q - a scroll of amnesia {unknown}
 t - a scroll of fear {unknown}
Potions
 i - 2 potions of flight
 j - a potion of brilliance
 m - a potion of ambrosia {unknown}
Comestibles
 f - 9 rations
 r - 8 chunks of flesh


   Skills:
 + Level 3.9 Fighting
 - Level 2.1 Axes
 + Level 3.5 Armour
 + Level 2.0 Dodging
 + Level 3.5 Shields
 * Level 3.1 Unarmed Combat


You had 5 spell levels left.
You didn't know any spells.
Your spell library was empty.

Dungeon Overview and Level Annotations

Branches:
Dungeon (4/15)
 Temple: D:4-7

Altars:
Wu Jian


Innate Abilities, Weirdness & Mutations

You have sharp fingernails.
You have a pair of small horns on your head.
You are immune to rotting.


Message History

The ogre hits you with a +0 giant club.
You claw the ogre! You headbutt the ogre.
The ogre is heavily wounded.
You block the ogre's attack.
You scratch the ogre.
The ogre is severely wounded.
You block the ogre's attack.
You scratch the ogre but do no damage.
The ogre is severely wounded.
You scratch the ogre but do no damage.
The ogre is severely wounded.
You block the ogre's attack.
You scratch the ogre.
The ogre is almost dead.
The ogre hits you with a +0 giant club!
* * * LOW HITPOINT WARNING * * *
Your shield and chain mail prevent you from hitting the ogre.
The ogre is almost dead.
The ogre hits you with a +0 giant club!!
You die...

#.......#.....
#.......#.... #
#...^...#... .#
##.......#..# ..#
#.......##..##...#
#.......#.........
#.......#.........
#...(...'†@O......
#....<..#........#
#.......#...######
#########...#
...... #.......
#........
#########


You could see an ogre.

Vanquished Creatures
  Crazy Yiuf (D:2)
  Jessica (D:3)
  Robin (D:2)
  3 gnolls (D:3)
  2 river rats (D:3)
  11 adders
  3 oozes
  4 worms
  3 dart slugs
  3 leopard geckos
  7 orcs
  A ball python (D:1)
  6 bats
  9 giant cockroaches
  13 goblins
  11 hobgoblins
  9 kobolds
  3 quokkas (D:2)
  6 frilled lizards
  5 rats
102 creatures vanquished.

Notes
Turn   | Place    | Note
-------+----------+-------------------------------------------
     0 | D:1      | billz999 the Demonspawn Fighter began the quest for the
                  | Orb.
     0 | D:1      | Reached XP level 1. HP: 18/18 MP: 1/1
   186 | D:1      | Gained mutation: You have sharp fingernails. [demonic
                  | ancestry]
   186 | D:1      | Reached XP level 2. HP: 19/24 MP: 2/2
   601 | D:1      | Reached XP level 3. HP: 29/29 MP: 3/3
   745 | D:1      | Reached skill level 1 in Unarmed Combat
  1140 | D:2      | Found an ornate altar of the Wu Jian Council.
  1198 | D:2      | Reached skill level 1 in Dodging
  1360 | D:2      | Reached XP level 4. HP: 16/35 MP: 4/4
  1786 | D:2      | Found a runed translucent door.
  1787 | D:2      | Noticed Crazy Yiuf
  1989 | D:2      | Found a faded altar of an unknown god.
  2007 | D:2      | Noticed Robin
  2032 | D:2      | Killed Robin
  2111 | D:2      | Gained mutation: You are immune to rotting. [demonic
                  | ancestry]
  2111 | D:2      | Reached XP level 5. HP: 26/41 MP: 5/5
  2529 | D:2      | Killed Crazy Yiuf
  2727 | D:3      | Noticed Jessica
  2756 | D:3      | Killed Jessica
  3276 | D:3      | Gained mutation: You have a pair of small horns on your
                  | head. [demonic ancestry]
  3276 | D:3      | Reached XP level 6. HP: 24/48 MP: 6/6
  3794 | D:4      | Mangled by an ogre

Levels and vault maps discovered:
D:1:      dpeg_arrival_houses_and_road, layout_basic
D:2:      layout_loops_ring, old_standard_altar,
          chequers_ecumenical_altar_simple, uniq_crazy_yiuf_cottage, uniq_robin
D:3:      layout_loops_ring, lightli_sewer_entry_pipes, uniq_jessica
D:4:      layout_gridville, led_xom_imps, uniq_sigmund, uniq_edmund

Skill      XL: |  1  2  3  4  5  6 |
---------------+-------------------+-----
Axes           | 2 |  2.1
Unarmed Combat | 1 2 3 |  3.1
Armour         | 3 |  3.5
Shields        | 3 |  3.5
Dodging        | 1 2 |  2.0
Fighting       | |  3.9

Action                   |  1- 3 |  4- 6 || total
-------------------------+-------+-------++-------
Melee: War axe           |    32 |       ||    32
       Unarmed           |   157 |   337 ||   494
       Headbutt          |       |    23 ||    23
  Use: Potion            |       |     5 ||     5
       Scroll            |       |     1 ||     1
  Eat: Chunk             |     2 |     8 ||    10
Armor: Scale mail        |    50 |       ||    50
       Chain mail        |    12 |   130 ||   142
Dodge: Dodged            |    53 |    56 ||   109
Block: Shield            |    76 |   139 ||   215
